 Dungeon Crawl Stone Soup version 0.29-a0-892-g2c4c91d9db (webtiles) character file.

Game seed: 18219599726092846761

66 nucleargodhead the Chopper (level 3, -2/51 HPs)
             Began as a Minotaur Berserker on July 23, 2022.
             Was a Follower of Trog.
             Slain by a goblin
             ... wielding a +0 club
              (4 damage)
             ... on level 2 of the Dungeon.
             The game lasted 00:01:14 (1607 turns).

nucleargodhead the Chopper (Minotaur Berserker)     Turns: 1607, Time: 00:01:14

Health: -2/51      AC:  2    Str: 23    XL:     3   Next: 96%
Magic:  2/2        EV: 12    Int:  4    God:    Trog [*.....]
Gold:   67         SH:  0    Dex:  9    Spells: 2/2 levels left

rFire   . . .      SeeInvis .   a - +0 hand axe
rCold   . . .      Faith    .   (no shield)
rNeg    . . .      Spirit   .   b - +0 animal skin
rPois   .          Reflect  .   (helmet restricted)
rElec   .          Harm     .   (no cloak)
rCorr   .          Rampage  .   (no gloves)
Will    .....                   (no boots)
Stlth   ..........              (no amulet)
HPRegen 0.17/turn               (no ring)
MPRegen 0.08/turn               (no ring)

@: berserking, very quick
A: horns 2, retaliatory headbutt
a: Renounce Religion, Berserk


You were on level 2 of the Dungeon.
You worshipped Trog.
Trog was aware of your devotion.
You visited 1 branch of the dungeon, and saw 2 of its levels.

You collected 67 gold pieces.

Inventory:

Hand Weapons
 a - a +0 hand axe (weapon)
Armour
 b - a +0 animal skin (worn)
Scrolls
 c - 2 scrolls of identify {unknown}
 d - a scroll of immolation {unknown}
 f - a scroll of enchant armour {unknown}
Potions
 e - a potion of lignification {unknown}
 g - 2 potions of heal wounds {unknown}
 h - a potion of attraction {unknown}
 i - 2 potions of magic {unknown}


   Skills:
 + Level 4.6 Fighting
 + Level 5.1 Axes
 - Level 2.4 Armour
 - Level 2.1 Dodging
 + Level 0.2 Stealth


You had 2 spell levels left.
You didn't know any spells.
Your spell library was empty.

Dungeon Overview and Level Annotations

Branches:
Dungeon (2/15)

Altars:

Shops:
D:2 (


Innate Abilities, Weirdness & Mutations

You have a pair of horns on your head.
You reflexively headbutt those who attack you in melee.


Message History

The bolt hits you. Natasha claws you!
* * * LOW HITPOINT WARNING * * *
Unknown command.
You are too injured to fight recklessly!
Unknown command.
You are too injured to fight recklessly!
Unknown command.
A red film seems to cover your vision as you go berserk!
You feel yourself moving faster!
You feel mighty! The bat hits you.
* * * LOW HITPOINT WARNING * * *
The goblin shoots a bolt.
The bolt hits you!
* * * LOW HITPOINT WARNING * * *
Natasha claws you but does no damage.
You hit Natasha.
Natasha is severely wounded.
You slash the bat!
You kill the bat!
Trog accepts your kill.
The goblin shoots a bolt.
The bolt barely misses you.
The bolt barely misses Natasha.
You closely miss Natasha. Your headbutt misses Natasha.
Your punch misses Natasha.
Natasha is severely wounded.
Natasha closely misses you. You furiously retaliate!
You headbutt Natasha!
You kill Natasha!
Trog accepts your kill.
Trog appreciates your killing of a magic user.
Natasha screams in fury as she dies!
The goblin shoots a bolt.
The bolt closely misses you.
Your Axes skill increases to level 5!
Unknown command.
Found a scroll labelled XIEZYCW SA UXKE.
A ball python comes into view.
You see here a +0 club.
You miss the goblin.
The ball python hisses angrily.
The goblin unwields a +0 arbalest.
The goblin wields a +0 club.
The goblin closely misses you.
You miss the goblin. The goblin hits you with a +0 club.
You die...

........... #.........#
#.........# #.........#
#..=......# #.........#
#.).†.....# #.^.......#
#.....@...# ###
######$....g...# #..
#b..............S.?
#.###.####.............
#.#...........####.....
#.#.#.#######.# .....
#.#.#.# #.# ....
#†#.#'#######.# ....
#.#.........#


You could see a goblin and a ball python.

Vanquished Creatures
  Natasha (D:2)
  A gnoll (D:1)
  2 worms (D:2)
  A ball python (D:1)
  3 giant cockroaches
  2 goblins (D:2)
  2 hobgoblins
  3 jackals (D:1)
  2 quokkas
  2 bats (D:2)
  2 frilled lizards (D:1)
  2 kobolds (D:1)
  4 rats
27 creatures vanquished.

Notes
Turn   | Place    | Note
-------+----------+-------------------------------------------
     0 | D:1      | nucleargodhead the Minotaur Berserker began the quest for
                  | the Orb.
     0 | D:1      | Reached XP level 1. HP: 19/19 MP: 0/0
   130 | D:1      | Reached skill level 4 in Axes
   130 | D:1      | Reached XP level 2. HP: 9/27 MP: 1/1
  1078 | D:2      | Reached XP level 3. HP: 12/33 MP: 2/2
  1432 | D:2      | Found Kumuun's Antique Weapon Emporium.
  1596 | D:2      | Noticed Natasha
  1602 | D:2      | HP: 1/51 [goblin/bolt (9)]
  1604 | D:2      | Killed Natasha
  1605 | D:2      | Reached skill level 5 in Axes
  1607 | D:2      | Slain by a goblin

Illustrated notes

Levels and vault maps discovered:
D:1:      dpeg_arrival_arbitrary_c, layout_loops_cross
D:2:      layout_basic, serial_shops, nicolae_lakefront_shop,
          minmay_lizard_king, uniq_natasha

Skill      XL: |  1  2  3 |
---------------+----------+-----
Fighting       | 4 |  4.6
Axes           | 4 5 |  5.1
Armour         | |  2.4
Dodging        | |  2.1
Stealth        | |  0.2

Action                   || total
-------------------------++-------
Melee: Hand axe          ||    61
       Headbutt          ||    10
Invok: Berserk           ||     3
Armor: Animal skin       ||     7
Dodge: Dodged            ||    35

Table legend: (Time is in decaauts)
 A = Elapsed time spent in this place.
 B = Non-inter-level travel time spent in this place.
 C = Inter-level travel time spent in this place.
 D = Time resting spent in this place.
 E = Time spent auto-exploring this place.
 F = Levels seen in this place.
 G = Mean time per level.
                   A        B        C        D        E       F      G
               +--------+--------+--------+--------+--------+-----+--------+
         Total |   1634 |   1616 |     18 |    513 |    944 |   2 |  817.0 |
       Dungeon |   1634 |   1616 |     18 |    513 |    944 |   2 |  817.0 |
               +--------+--------+--------+--------+--------+-----+--------+

Top non-repeatable levels by time:
     D:1: 1074 daAuts
     D:2: 560 daAuts
